Map: Polka LE

Players

BØØØØØØØØØØM - Winner!

  • Race: Protoss Protoss
  • League: Diamond
  • Spawn Location: 5:00

Agricultor - Winner!

  • Race: Zerg Zerg
  • League: Diamond
  • Spawn Location: 5:00

qqq

  • Race: Zerg Zerg
  • League: Platinum
  • Spawn Location: 11:00

Massa

  • Race: Terran Terran
  • League: Platinum
  • Spawn Location: 11:00

VOD

Have the link to the VOD?

Description

Time

  • Played on: Dec. 4, 2020, 4:21 p.m.
  • Length: 7:12
Show
View Real Time Build Order
Export as new Build Order

BØØØØØØØØØØM Protoss - Winner!

Build Orders: 1 Gate Expand, Mass Adepts 

Get SALT Encoding   

  12  0:00  Probe  
  13  0:12  Probe  
  14  0:18  Pylon  
  14  0:25  Probe  
  15  0:37  Probe (Chrono Boost)  
  15  0:38  Gateway  
  16  0:46  Assimilator  
  16  0:49  Probe (Chrono Boost)  
  18  0:57  Probe (Chrono Boost)  
  18  1:03  Probe  
  19  1:24  Nexus  
  19  1:35  Cybernetics Core  
  19  1:40  Probe  
  19  1:45  Assimilator  
  20  1:52  Probe  
  20  1:54  Pylon  
  21  2:02  Adept  
  21  2:04  Probe  
  21  2:06  Warp Gate (Chrono Boost)  
  24  2:18  Probe  
  25  2:30  Probe  
  25  2:31  Adept (Chrono Boost)  
  25  2:36  Twilight Council  
  28  2:56  Adept (Chrono Boost)  
  30  3:13  Probe x2, Resonating Glaives (Chrono Boost)  
  32  3:21  Adept  
  32  3:25  Probe  
  28  3:45  Gateway  
  28  3:46  Gateway  
  28  3:47  Gateway  
  28  3:50  Gateway  
  28  4:01  Adept  
  25  4:40  Pylon  
  25  4:45  Adept x5  
  35  5:11  Adept x3  
  35  5:12  Adept  
  43  5:15  Adept  
  43  5:20  Probe x2  
  47  5:28  Pylon  
  47  5:32  Probe  
  48  5:49  Adept x4  
  48  6:16  Adept x2  
  48  6:17  Adept x3  
  46  6:52  Adept x5  
Show
View Real Time Build Order
Export as new Build Order

Agricultor Zerg - Winner!

Build Orders: Hatch First 

Get SALT Encoding   

  12  0:00  Drone  
  13  0:12  Overlord  
  13  0:17  Drone  
  14  0:31  Drone x2  
  16  0:35  Drone  
  17  0:55  Drone  
  17  0:56  Hatchery  
  17  0:59  Drone  
  18  1:09  Extractor  
  17  1:14  Spawning Pool  
  16  1:19  Drone  
  16  1:21  Drone  
  18  1:28  Drone  
  19  1:39  Drone  
  20  1:49  Overlord  
  20  2:00  Overlord  
  20  2:08  Queen  
  20  2:12  Zergling x4  
  20  2:13  Metabolic Boost  
  26  2:21  Drone  
  27  2:26  Drone  
  28  2:37  Drone  
  28  2:38  Drone  
  26  2:44  Queen  
  26  2:47  Zergling x4  
  28  3:00  Zergling x4  
  29  3:08  Drone  
  30  3:15  Spine Crawler  
  29  3:20  Queen  
  29  3:25  Hatchery  
  29  3:26  Drone  
  31  3:38  Drone x4  
  29  3:52  Zergling x6  
  29  3:53  Zergling x2  
  31  4:09  Zergling x2  
  26  4:30  Drone x4  
  28  4:39  Drone  
  28  4:43  Baneling Nest  
  28  4:46  Extractor  
  23  4:54  Queen  
  23  4:57  Drone  
  26  5:12  Zergling x6  
  26  5:13  Zergling x4  
  28  5:51  Drone x5  
  33  6:03  Baneling  
  33  6:04  Baneling x2  
  33  6:05  Drone  
  31  6:11  Drone x2  
  31  6:12  Drone x2  
  33  6:27  Zergling x2  
  34  6:36  Drone  
  34  6:38  Zergling x4  
  35  6:41  Hatchery  
  35  6:44  Zergling x2  
  34  6:50  Zergling x2  
Show
View Real Time Build Order
Export as new Build Order

qqq Zerg 

Build Orders: Pool First 

Get SALT Encoding   

  12  0:00  Drone  
  13  0:08  Drone  
  14  0:26  Spawning Pool  
  13  0:30  Drone  
  13  0:33  Extractor  
  13  0:36  Drone  
  14  0:54  Overlord  
  14  1:09  Overlord  
  14  1:13  Zergling x4  
  16  1:19  Queen  
  16  1:24  Zergling x2  
  19  1:35  Zergling x2  
  20  1:43  Zergling x2  
  21  1:53  Metabolic Boost  
  21  1:59  Zergling x2  
  22  2:05  Zergling x2  
  23  2:21  Zergling x2  
  24  2:25  Drone  
  25  2:35  Zergling x6  
  28  2:45  Zergling x2  
  29  3:02  Zergling x2  
  29  3:19  Overlord x2  
  29  3:23  Hatchery  
  25  3:36  Zergling x2  
  25  3:41  Zergling x2  
  21  4:14  Zergling x10  
  24  4:25  Baneling Nest  
  24  4:26  Zergling x2  
  24  4:29  Zergling x2  
  25  4:47  Zergling x8  
  25  4:48  Drone  
  25  4:50  Drone  
  28  4:59  Drone  
  29  5:01  Zergling x2  
  29  5:09  Zergling x2  
  30  5:15  Baneling x2  
  30  5:17  Zergling x2  
  30  5:20  Drone  
  28  5:35  Zergling x4  
  28  5:36  Zergling x2  
  23  5:47  Spine Crawler  
  22  5:59  Zergling x4  
  22  6:00  Zergling x2  
  22  6:02  Baneling x2  
  22  6:03  Baneling  
  23  6:05  Baneling  
  23  6:08  Baneling  
  22  6:11  Zergling x2  
  22  6:16  Zergling x2  
  17  6:27  Zergling x2  
  13  6:38  Drone  
Show
View Real Time Build Order
Export as new Build Order

Massa Terran 

Build Orders:  

Get SALT Encoding   

  12  0:00  SCV  
  13  0:12  SCV  
  14  0:19  Supply Depot  
  14  0:24  SCV  
  15  0:29  Refinery  
  15  0:41  Barracks  
  15  0:46  SCV  
  16  0:58  SCV  
  16  1:00  Refinery  
  17  1:13  SCV  
  18  1:25  SCV  
  19  1:28  Factory  
  19  1:41  Orbital Command  
  19  1:47  Reaper  
  20  2:06  SCV  
  21  2:14  Command Center  
  23  2:30  Hellion  
  21  3:24  SCV, Command Center  
  21  3:25  Barracks Tech Lab  
  21  3:26  Orbital Command  
  22  3:35  Factory  
  22  3:36  SCV  
  22  3:38  Widow Mine  
  25  3:47  Marauder  
  25  3:48  SCV  
  28  3:52  Barracks  
  28  4:00  Widow Mine, SCV  
  30  4:32  Stimpack  
  30  4:33  Marauder  
  30  4:36  SCV x2  
  32  4:39  Orbital Command  
  30  4:48  SCV x2  
  30  4:52  Widow Mine  
  34  4:55  Marauder  
  34  4:57  Barracks Reactor  
  36  5:00  SCV  
  36  5:04  Factory Tech Lab  
  37  5:08  SCV  
  37  5:12  SCV  
  39  5:14  SCV  
  39  5:20  SCV  
  30  5:53  Widow Mine  
  30  5:56  Marauder, Marine  
  30  5:57  Marine  
  28  6:07  Orbital Command  
  24  6:14  Widow Mine, Marine x2  
  25  6:26  Marine  
  25  6:31  Barracks  
  25  6:32  Barracks x2, Marine x2  
  27  6:33  Barracks x2  
  27  6:34  Barracks  
  27  6:38  Supply Depot x2  
  27  6:39  Supply Depot x2  
  25  6:44  Marine  
  25  6:46  SCV  
  27  6:50  Marine x2  
  27  6:51  SCV x2  
  27  6:58  SCV  
Tags
 
Add a new tag
Caveats
  • Supply blocks, unpowered buildings, or Contaminate may cause inaccurate times.
  • Supply counts are checked every 10 seconds.